Map: Terraform LE (Void)

Players

Kush

  • Race: Protoss Protoss
  • League: Bronze

SticklerMac - Winner!

  • Race: Terran Terran
  • League: Bronze

VOD

Have the link to the VOD?

Description

Time

  • Played on: July 29, 2015, 8:13 p.m.
  • Length: 7:10
Show
View Real Time Build Order
Export as new Build Order

Kush Protoss 

Build Orders: Blink Stalkers 

Get SALT Encoding   

  12  0:01  Probe  
  13  0:14  Pylon  
  13  0:18  Probe  
  14  0:32  Probe  
  15  0:36  Gateway  
  15  0:45  Probe (Chrono Boost)  
  16  0:52  Assimilator  
  17  0:57  Probe (Chrono Boost)  
  17  0:59  Assimilator  
  18  1:05  Probe (Chrono Boost)  
  18  1:21  Probe  
  18  1:24  Cybernetics Core  
  19  1:31  Pylon  
  19  1:36  Probe  
  22  1:49  Probe  
  22  2:01  Twilight Council  
  22  2:04  Gateway  
  22  2:07  Stalker (Chrono Boost)  
  22  2:09  Warp Gate (Chrono Boost)  
  22  2:14  Probe  
  23  2:30  Probe  
  23  2:31  Blink (Chrono Boost)  
  24  2:55  Stalker  
  24  2:56  Gateway  
  26  3:01  Pylon  
  26  3:11  Stalker  
  28  3:15  Mothership Core  
  30  3:36  Probe  
  31  3:51  Probe  
  32  4:05  Pylon  
  32  4:11  Stalker  
  32  4:12  Stalker  
  32  4:13  Stalker  
  38  4:35  Stalker x2  
  38  4:36  Stalker  
  44  4:50  Nexus  
  32  5:21  Stalker x2  
  32  5:22  Stalker  
  34  5:45  Stalker x3  
  40  6:00  Robotics Facility  
  40  6:05  Dark Shrine  
  40  6:10  Probe (Chrono Boost)  
  42  6:19  Probe (Chrono Boost)  
  42  6:21  Stalker  
  42  6:22  Stalker, Probe (Chrono Boost)  
  47  6:28  Probe x2 (Chrono Boost)  
  34  6:47  Stalker x2  
  34  6:48  Stalker  
Show
View Real Time Build Order
Export as new Build Order

SticklerMac Terran - Winner!

Build Orders:  

Get SALT Encoding   

  12  0:01  SCV  
  13  0:13  SCV  
  14  0:18  Supply Depot  
  14  0:25  SCV  
  15  0:39  SCV  
  15  0:41  Barracks  
  16  0:46  Refinery  
  16  0:51  SCV  
  17  1:02  Barracks  
  17  1:05  SCV  
  18  1:17  SCV  
  19  1:24  Barracks  
  19  1:29  SCV  
  20  1:35  Supply Depot, Marine  
  21  1:44  SCV  
  22  1:49  Marine  
  23  2:04  Marine  
  23  2:07  Barracks  
  24  2:11  Barracks Tech Lab  
  24  2:14  SCV, Engineering Bay  
  25  2:17  Barracks Reactor  
  25  2:33  Supply Depot  
  25  2:43  Missile Turret x2  
  25  2:45  SCV  
  27  2:53  Marauder  
  27  2:56  Barracks Reactor  
  27  2:57  SCV  
  27  2:58  Marine  
  30  3:13  Supply Depot  
  30  3:14  SCV  
  30  3:17  Refinery  
  31  3:22  Barracks Reactor  
  31  3:46  Supply Depot  
  33  3:48  Marauder, Marine x2  
  33  3:49  Marine  
  33  3:54  Factory  
  36  3:59  Marine  
  36  4:00  Marine  
  36  4:01  Marine  
  39  4:14  SCV  
  39  4:17  Marauder  
  42  4:18  Marine  
  42  4:19  Marine  
  42  4:23  Marine  
  45  4:26  Marine  
  46  4:34  Terran Infantry Weapons Level 1  
  46  4:41  Marauder  
  48  4:48  Marine x2  
  50  4:54  Marine x2  
  52  5:01  Supply Depot  
  52  5:14  Marine x4  
  50  5:25  Marauder  
  50  5:26  Marine  
  50  5:28  Marine  
  53  5:32  Marine  
  53  5:42  Marine  
  51  5:47  Marauder  
  54  5:53  Marine x3  
  57  6:05  Marine x2  
  57  6:08  Marauder  
  61  6:12  Missile Turret  
  61  6:15  Supply Depot  
  60  6:21  Marine x2  
  60  6:23  Marine  
  62  6:34  Marine x2  
  62  6:35  Marine  
  59  6:48  Marine x2, Marauder  
  59  6:50  Marine  
Tags
 
Add a new tag
Caveats
  • Supply blocks, unpowered buildings, or Contaminate may cause inaccurate times.
  • Supply counts are checked every 10 seconds.